 Dungeon Crawl Stone Soup version 0.19-a0-1678-g8ce114c (webtiles) character file.

29381 Arkorax the Blocker (level 13, -7/147 HPs)
             Began as a Formicid Fighter on Sept 24, 2016.
             Was the Champion of Hepliaklqana.
             Mangled by a reaper
             ... wielding a +0 scythe of freezing
              (17 damage)
             ... in an ice cave.
             The game lasted 00:30:58 (20459 turns).

Arkorax the Blocker (Formicid Fighter)             Turns: 20459, Time: 00:30:58

Health: -7/147     AC: 26    Str: 26    XL:     13   Next: 80%
Magic:  13/13      EV:  2    Int:  5    God:    Hepliaklqana [******]
Gold:   1268       SH: 14    Dex: 17    Spells: 0 memorised, 12 levels left

rFire  + . .     SeeInvis .     m - +2 morningstar (holy)
rCold  . . .     Gourm    +     (armour currently unavailable)
rNeg   + + +     Faith    .     c - +0 shield
rPois  +         Spirit   .     (helmet unavailable)
rElec  .         Dismiss  .     (cloak currently unavailable)
rCorr  .         Reflect  .     (gloves currently unavailable)
MR     ++...     Harm     .     (boots currently unavailable)
Stlth  +++.......               H - amulet "Jihilu" {Gourm Dex+5}
                                D - ring of protection from fire
                                R - ring of Kaschin {rPois rN+ MR+ Int-3 Dex-3} (curse)

@: agile, tree-form
A: permanent stasis, dig shafts and tunnels, four strong arms, reduced essence,
(antennae 0)
a: Recall Ancestor, Ancestor Identity, Transference, Idealise, Renounce Religion


You were in an ice cave.
You worshipped Hepliaklqana.
Hepliaklqana was exalted by your worship.
You were hungry.
You were a tree.
You visited 3 branches of the dungeon, and saw 17 of its levels.
You also visited: Labyrinth, Sewer, Bailey and Ice Cave.

You collected 1268 gold pieces.

Inventory:

Hand Weapons
 a - a +1 war axe
 m - a +2 morningstar of holy wrath (weapon)
   (You took it off an orc on level 12 of the Dungeon)
Missiles
 Y - 9 throwing nets (quivered)
Armour
 c - a +0 shield (worn)
 d - the +4 pair of gloves "Unostrimu" (melded) {Int+3}
   (You found it in an ice cave)

   It affects your intelligence (+3).
 h - a cursed +0 pair of boots (melded)
 z - a +1 cloak (melded)
 N - a +0 pair of boots
 P - the +3 leather armour of the Barnacle {Dex+3}
   (You took it off a minotaur in a labyrinth)

   It affects your dexterity (+3).
 V - a quicksilver dragon armour (melded)
Jewellery
 D - a ring of protection from fire (right branch)
 H - the amulet "Jihilu" (around neck) {Gourm Dex+5}
   (You found it in a labyrinth)

   [amulet of the gourmand]

   It allows you to eat raw meat even when not hungry.
   It affects your dexterity (+5).
 J - an uncursed ring of protection from magic
 R - the cursed ring of Kaschin (left branch) {rPois rN+ MR+ Int-3 Dex-3}
   (You found it on level 3 of the Lair of Beasts)

   [ring of intelligence]

   It affects your intelligence (-3).
   It affects your dexterity (-3).
   It protects you from poison.
   It protects you from negative energy.
   It affects your resistance to hostile enchantments.
   It has a curse placed upon it.
 U - an uncursed ring of positive energy
 X - an uncursed ring of positive energy
Wands
 b - a wand of disintegration (15/24)
 u - a wand of disintegration (2/24)
 w - a wand of iceblast (0/15)
 x - a wand of confusion (14/48)
 E - a wand of digging (7/24)
 M - a wand of iceblast (0/15)
Scrolls
 p - a scroll of fear {!r}
 v - a scroll of fog
 C - 11 scrolls of remove curse
 F - a scroll of enchant weapon
 L - 2 scrolls of amnesia
Potions
 e - a potion of magic {!q}
 i - 7 potions of degeneration {!q}
 j - 4 potions of mutation {!q}
 l - 4 potions of flight
 o - 2 potions of invisibility {!q}
 s - 4 potions of curing
 t - a potion of cancellation {!q}
 A - a potion of cure mutation {unknown}
 B - 2 potions of brilliance {!q}
 I - a potion of ambrosia {unknown}
 S - a potion of berserk rage {unknown}
 W - 3 potions of agility {!q}
Books
 G - a book of Changes
 Z - Sif Muna's Guide on Flight and Stones
   (You found it on level 11 of the Dungeon)

   Spells                             Type                      Level
   a - Leda's Liquefaction            Hexes/Earth                  4
   b - Lightning Bolt                 Conjuration/Air              5
   c - Bolt of Magma                  Conjuration/Fire/Earth       5
   d - Statue Form                    Transmutation/Earth          6
Miscellaneous
 T - a disc of storms
Comestibles
 f - 5 bread rations {!e}
 k - 3 slices of pizza
 r - 3 beef jerkies
 O - 2 meat rations {!e}
 Q - 4 fruits


   Skills:
 + Level 12.7 Fighting
 + Level 11.4 Axes
 + Level 12.5 Armour
 + Level 13.4 Shields


You had 12 spell levels left.
You didn't know any spells.

Dungeon Overview and Level Annotations

Branches:
Dungeon (12/15)            Temple (1/1) D:5            Lair (4/6) D:11
  Swamp (0/4) Lair:3       Spider (0/4) Lair:2
    Orc: D:9-12

Altars:
Ashenzari
Cheibriados
Dithmenos
Elyvilon
Fedhas
Gozag
Hepliaklqana
Kikubaaqudgha
Makhleb
Nemelex Xobeh
Okawaru
Qazlal
Ru
Sif Muna
Trog
Uskayaw
Vehumet
Xom
Yredelemnul
Zin
The Shining One

Shops:
D:4 =

Annotations:
D:12 Flanowski's ghost, journeyman GrEE; Kirke


Innate Abilities, Weirdness & Mutations

You are under a permanent stasis effect.
You can dig through walls and to a lower floor.
Your four strong arms can wield two-handed weapons with a shield.
((You have a pair of large antennae on your head. (SInv)))
Your life essence is reduced. (-10% HP)


Message History

Damage: 26 (max 34) Unknown command.
You barely miss the reaper.
The reaper is moderately wounded.
The ufetubus is engulfed in freezing vapours.
The reaper barely misses you.
The ufetubus is engulfed in freezing vapours.
The ufetubus dies!
Unknown command.
You sock the reaper!
The reaper convulses!
The reaper is heavily wounded.
The ice devil hits you but does no damage.
Unknown command.
Unknown command.
Unknown command.
You hit the reaper.
The reaper convulses.
The reaper is heavily wounded.
You block the ice devil's attack. You block the reaper's attack.
Unknown command.
Unknown command.
You closely miss the reaper.
The reaper is heavily wounded.
The ice devil hits you but does no damage.
The reaper hits you with a scythe of freezing.
* * * LOW HITPOINT WARNING * * *
The reaper freezes you.
* * * LOW HITPOINT WARNING * * *
You block the ice devil's attack.
Damage: 7 (max 34)
You barely miss the reaper.
The reaper is heavily wounded.
You block the ice devil's attack.
The reaper hits you with a scythe of freezing!
* * * LOW HITPOINT WARNING * * *
The reaper freezes you!
* * * LOW HITPOINT WARNING * * *
Damage: 20 (max 34)
You barely miss the reaper.
The reaper is heavily wounded.
You block the ice devil's attack.
You feel better.
The reaper hits you with a scythe of freezing!
* * * LOW HITPOINT WARNING * * *
The reaper freezes you.
* * * LOW HITPOINT WARNING * * *
You block the ice devil's attack.
Damage: 3 (max 34)
You feel better. You block the ice devil's attack.
The reaper hits you with a scythe of freezing!
You die...

#§§####§§§§§§#.#
§§§§§ #§§§§§...#
§§§§..##§§§§...##
{ §§.§.##§§§§...#
#§≈§.§§..§..##
#§.###§§§..##
#§..§.#§§#.#
...#§§.§4###.##
#.......2♣..##
.....######## ##.


You could see a reaper and an ice devil.

Vanquished Creatures
  Gastronok (Lair:2)
  Nessos (D:12)
  A minotaur (Lab)
  2 hydras
  Sonja (Lair:3)
  An unseen horror (D:10)
  An ugly thing (D:11)
  A manticore (D:9)
  A moth of wrath (D:5)
  4 black mambas
  Maurice (D:10)
  Joseph (D:10)
  An elephant (Lair:4)
  2 ice statues (IceCv)
  A gargoyle (D:11)
  2 spiny frogs (Lair:1)
  A rime drake (Lair:2)
  6 ice devils
  A polar bear (Lair:4)
  A troll (D:12)
  A two-headed ogre (D:12)
  A slime creature (Lair:3)
  2 hippogriffs
  A wyvern (D:11)
  Sigmund (D:3)
  Eustachio (D:6)
  13 yaks
  2 steam dragons
  A swamp worm (Lair:3)
  A soldier ant (D:12)
  4 water moccasins
  7 porcupines
  An orc warrior (D:7)
  2 ice beasts (D:11)
  An eye of draining (D:11)
  3 ogres
  2 phantoms
  A sky beast (D:7)
  3 centaurs
  2 wolves (Lair:4)
  4 crocodiles
  2 big kobolds
  7 gnoll sergeants (Bailey)
  4 scorpions
  7 killer bees
  An electric eel (Lair:3)
  A howler monkey (D:6)
  5 crimson imps
  A bullfrog zombie (D:5)
  A centaur zombie (D:5)
  4 jellies (Lair:3)
  Crazy Yiuf (D:3)
  4 hounds
  4 gnoll shamans (Bailey)
  6 orc priests
  3 centaur skeletons
  6 orc wizards
  Jessica (D:3)
  A bullfrog skeleton (D:11)
  Terence (D:2)
  4 iguanas
  6 worker ants
  A human simulacrum (D:12)
  A worker ant zombie (D:11)
  24 gnolls
  9 adders
  9 river rats
  A shadow imp (D:6)
  5 white imps (IceCv)
  12 oozes (Lair:3)
  4 ufetubi (IceCv)
  5 adder zombies
  An adder skeleton (D:6)
  3 worms
  A dart slug (D:1)
  6 leopard geckos
  21 orcs
  A ball python (D:1)
  3 bats
  4 giant cockroaches
  9 goblins
  5 hobgoblins
  11 jackals
  3 quokkas
  2 frilled lizards
  8 kobolds
  A leopard gecko zombie (D:5)
  A quokka zombie (D:6)
  11 rats
  A fungus (Lair:4)
318 creatures vanquished.

Vanquished Creatures (collateral kills)
  Fannar (D:12)
  An unseen horror (D:11)
  An orb spider (Lair:2)
  An ugly thing (D:11)
  2 spiny frogs (Lair:4)
  A centaur skeleton (D:7)
  2 ice devils
  A troll (D:11)
  A slime creature (D:11)
  2 hippogriffs
  A spriggan (D:8)
  3 yaks (Lair:4)
  A basilisk (Lair:3)
  4 swamp worms (Lair:3)
  A water moccasin (Lair:2)
  2 porcupines (Lair:2)
  An orc warrior (D:9)
  An ogre (D:11)
  A black bear (D:6)
  2 wolves (Lair:4)
  2 crocodiles
  A gnoll sergeant (Bailey)
  7 killer bees
  A howler monkey (D:9)
  A bullfrog zombie (D:5)
  3 crimson imps
  2 hounds (Bailey)
  2 jellies
  2 gnoll shamans (Bailey)
  2 iguanas
  An orc wizard (D:12)
  A worker ant (D:11)
  A killer bee zombie (D:5)
  A human simulacrum (D:12)
  5 gnolls
  An adder (D:8)
  6 river rats
  A shadow imp (D:5)
  A white imp (IceCv)
  2 ufetubi (IceCv)
  4 orcs
  A giant cockroach (D:6)
  A jackal (D:7)
  3 quokkas
  A ball python skeleton (D:5)
  A ball python zombie (D:5)
  A kobold (D:10)
  A quokka zombie (D:5)
  4 rats (D:5)
  A fungus (Lair:3)
91 creatures vanquished.

Vanquished Creatures (others)
  7 knights
  2 ancestors (D:5)
  3 white imps (IceCv)
  6 ufetubi (IceCv)
  An orc (D:11)
  8 fungi
  A plant (Lair:4)
  A withered plant (D:5)
29 creatures vanquished.

Grand Total: 438 creatures vanquished

Notes
Turn   | Place    | Note
-------+----------+-------------------------------------------
     0 | D:1      | Arkorax the Formicid Fighter began the quest for the Orb.
     0 | D:1      | Reached XP level 1. HP: 18/18 MP: 1/1
   117 | D:1      | Reached XP level 2. HP: 9/24 MP: 2/2
   118 | D:1      | HP: 7/24 [bat (1)]
   119 | D:1      | HP: 3/24 [frilled lizard (2)]
   132 | D:1      | HP: 3/24 [bat (1)]
   256 | D:1      | HP: 7/24 [dart slug/slug dart (3)]
   557 | D:1      | Reached XP level 3. HP: 29/29 MP: 3/3
   978 | D:2      | Reached skill level 4 in Shields
  1090 | D:2      | Noticed Terence
  1097 | D:2      | Killed Terence
  1097 | D:2      | Reached skill level 4 in Armour
  1097 | D:2      | Reached XP level 4. HP: 31/37 MP: 4/4
  1164 | D:2      | Reached skill level 4 in Fighting
  1342 | D:2      | Reached XP level 5. HP: 42/42 MP: 5/5
  1460 | D:2      | HP: 12/42 [poisoned by an adder]
  1468 | D:2      | HP: 11/42 [poisoned by an adder]
  1791 | D:3      | Reached skill level 3 in Axes
  2161 | D:3      | Noticed Jessica
  2168 | D:3      | Killed Jessica
  2456 | D:3      | Reached XP level 6. HP: 35/49 MP: 6/6
  2612 | D:3      | Noticed Sigmund
  2621 | D:3      | Killed Sigmund
  2621 | D:3      | Reached skill level 5 in Shields
  2627 | D:3      | Found a runed door.
  2670 | D:3      | Reached XP level 7. HP: 55/55 MP: 7/7
  2713 | D:3      | Noticed Crazy Yiuf
  2720 | D:3      | Killed Crazy Yiuf
  2720 | D:3      | Reached skill level 5 in Fighting
  2971 | D:4      | Reached skill level 4 in Axes
  2986 | D:4      | Found Damobuz's Jewellery Boutique.
  3354 | D:4      | Found a glowing drain.
  3358 | D:4      | Reached skill level 5 in Armour
  3371 | Sewer    | Entered a sewer
  3466 | Sewer    | Found a white marble altar of Elyvilon.
  3797 | D:5      | Entered Level 5 of the Dungeon
  3909 | D:5      | Reached skill level 6 in Shields
  3942 | D:5      | Reached XP level 8. HP: 40/63 MP: 8/8
  3943 | D:5      | HP: 14/63 [orc priest/divine providence (13)]
  4434 | D:5      | Reached skill level 6 in Fighting
  4434 | D:5      | Reached skill level 5 in Axes
  4434 | D:5      | Reached skill level 6 in Armour
  4436 | D:5      | Found a staircase to the Ecumenical Temple.
  4453 | Temple   | Entered the Ecumenical Temple
  4528 | Temple   | Became a worshipper of Hepliaklqana
  4557 | D:5      | Found a white marble altar of Elyvilon.
  4640 | D:5      | Noticed a moth of wrath
  4642 | D:5      | Found a bloodstained altar of Trog.
  4828 | D:5      | HP: 14/58 [ogre/giant club (19)]
  5157 | D:5      | Reached skill level 7 in Shields
  5234 | D:5      | Reached XP level 9. HP: 62/63 MP: 9/9
  5322 | D:5      | Killed a moth of wrath
  5322 | D:5      | Reached skill level 7 in Fighting
  5322 | D:5      | Reached skill level 7 in Armour
  5399 | D:6      | Reached skill level 6 in Axes
  5423 | D:6      | Noticed Eustachio
  5457 | D:6      | Killed Eustachio
  5478 | D:6      | Reached * piety under Hepliaklqana
  5588 | D:6      | Reached skill level 8 in Shields
  6720 | D:7      | Reached ** piety under Hepliaklqana
  6721 | D:7      | Remembered your ancestor Zolin as a knight
  6804 | D:7      | Reached skill level 8 in Armour
  6965 | D:7      | Reached skill level 8 in Fighting
  6965 | D:7      | Reached XP level 10. HP: 52/72 MP: 10/10
  7358 | D:7      | Reached skill level 7 in Axes
  7586 | D:8      | Reached *** piety under Hepliaklqana
  7648 | D:8      | Reached skill level 9 in Shields
  8035 | D:8      | Reached **** piety under Hepliaklqana
  8250 | D:8      | Noticed an angel
  8251 | D:8      | Found a glowing silver altar of Zin.
  8470 | D:9      | HP: 21/73 [poisoned by a killer bee]
  8834 | D:9      | HP: 15/73 [orc warrior/dire flail (17)]
  9157 | D:9      | Found a sparkling altar of Nemelex Xobeh.
  9218 | D:9      | Reached skill level 9 in Armour
  9229 | D:9      | Reached skill level 9 in Fighting
  9345 | D:9      | Found a shattered altar of Ashenzari.
  9351 | D:9      | Found an iron altar of Okawaru.
  9351 | D:9      | Found a hide-covered altar of Uskayaw.
  9356 | D:9      | Found a stormy altar of Qazlal.
  9391 | D:9      | Reached skill level 8 in Axes
  9459 | D:9      | Noticed a manticore
  9465 | D:9      | Killed a manticore
  9465 | D:9      | Reached XP level 11. HP: 70/80 MP: 11/11
  9491 | D:10     | Entered Level 10 of the Dungeon
  9660 | D:10     | Noticed an unseen horror
  9670 | D:10     | Killed an unseen horror
  9670 | D:10     | Reached skill level 10 in Shields
  9727 | D:10     | Noticed Maurice
  9736 | D:10     | Killed Maurice
  9760 | D:10     | Found a flagged portal.
  9776 | Bailey   | Entered a bailey
 10144 | Bailey   | Reached ***** piety under Hepliaklqana
 10509 | D:10     | Reached skill level 10 in Armour
 10523 | D:10     | Reached skill level 10 in Fighting
 10578 | D:10     | Noticed Joseph
 10593 | D:10     | Killed Joseph
 10916 | D:11     | Found a staircase to the Lair.
 10921 | D:11     | Reached skill level 9 in Axes
 10927 | D:11     | Identified Sif Muna's Guide on Flight and Stones
 10931 | D:11     | Noticed a white ugly thing
 10943 | D:11     | HP: 22/81 [white ugly thing (23)]
 10950 | D:11     | Killed a white ugly thing
 11508 | D:11     | Noticed an unseen horror
 11515 | D:11     | Killed an unseen horror
 11515 | D:11     | Reached skill level 11 in Shields
 12079 | D:11     | Reached XP level 12. HP: 71/88 MP: 12/12
 12646 | D:12     | Noticed Nessos
 12668 | D:12     | HP: 23/89 [Nessos/arrow (5)]
 12671 | D:12     | Killed Nessos
 12925 | D:12     | Noticed Fannar
 12963 | D:12     | HP: 26/89 [Fannar/quarterstaff of freezing (1)]
 12965 | D:12     | Killed Fannar
 12965 | D:12     | Reached skill level 11 in Fighting
 12965 | D:12     | Reached skill level 11 in Armour
 13387 | D:12     | Noticed Kirke
 13466 | D:12     | Noticed Flanowski's ghost (journeyman GrEE)
 13626 | D:11     | Reached skill level 10 in Axes
 13634 | D:11     | Noticed an eight-headed hydra
 13647 | D:11     | HP: 18/90 [eight-headed hydra (12)]
 13648 | D:11     | HP: 4/90 [eight-headed hydra (7)]
 13651 | D:11     | Killed an eight-headed hydra
 14273 | Lair:1   | Entered Level 1 of the Lair of Beasts
 14319 | Lair:1   | Reached skill level 12 in Shields
 14326 | Lair:1   | HP: 27/90 [poisoned by a spiny frog]
 14330 | Lair:1   | Found a labyrinth entrance.
 14331 | Lair:1   | HP: 24/90 [poisoned by a spiny frog]
 14336 | Lair:1   | HP: 21/90 [poisoned by a spiny frog]
 14339 | Lab      | Entered a labyrinth
 14341 | Lab      | HP: 19/90 [poisoned by a spiny frog]
 14346 | Lab      | HP: 18/90 [poisoned by a spiny frog]
 14353 | Lab      | HP: 18/90 [poisoned by a spiny frog]
 14361 | Lab      | HP: 18/90 [poisoned by a spiny frog]
 15176 | Lab      | Noticed a minotaur
 15184 | Lab      | Killed a minotaur
 15266 | Lab      | Got a heavily runed ruby amulet
 15267 | Lab      | Identified the amulet "Jihilu" {Gourm Dex+5} (You found it in a labyrinth)
 15279 | Lab      | Got a slimy leather armour
 15282 | Lab      | Identified the +3 leather armour of the Barnacle {Dex+3} (You took it off a minotaur in a labyrinth)
 15369 | Lair:1   | Reached ****** piety under Hepliaklqana
 15384 | Lair:1   | Noticed a four-headed hydra
 15419 | Lair:1   | You fall through a shaft!
 15879 | Lair:2   | Noticed Gastronok
 15894 | Lair:2   | Killed Gastronok
 16107 | Lair:2   | Found a hole to the Spider Nest.
 16124 | Lair:2   | Reached XP level 13. HP: 96/96 MP: 13/13
 16603 | Lair:3   | Reached skill level 12 in Fighting
 16643 | Lair:3   | Got a fine dagger
 16644 | Lair:3   | Identified the +3 dagger of Arkorax's Anguish {pierce, rN+ Dex+4} (You found it on level 3 of the Lair of Beasts)
 16846 | Lair:3   | Noticed an eight-headed hydra
 16855 | Lair:3   | Killed a nine-headed hydra
 16987 | Lair:3   | Reached skill level 12 in Armour
 17021 | Lair:3   | Got a slimy iron ring
 17085 | Lair:3   | Noticed Sonja
 17095 | Lair:3   | Killed Sonja
 17095 | Lair:3   | Reached skill level 11 in Axes
 17134 | Lair:3   | Identified the cursed ring of Kaschin {rPois rN+ MR+ Int-3 Dex-3} (You found it on level 3 of the Lair of Beasts)
 17232 | Lair:3   | Found a staircase to the Swamp.
 17626 | Lair:4   | Reached skill level 13 in Shields
 17708 | Lair:4   | HP: 29/98 [poisoned by a spiny frog]
 17713 | Lair:4   | HP: 24/98 [poisoned by a spiny frog]
 17718 | Lair:4   | HP: 21/98 [poisoned by a spiny frog]
 17724 | Lair:4   | HP: 19/98 [poisoned by a spiny frog]
 17729 | Lair:4   | HP: 18/98 [poisoned by a spiny frog]
 17736 | Lair:4   | HP: 18/98 [poisoned by a spiny frog]
 17744 | Lair:3   | HP: 18/98 [poisoned by a spiny frog]
 18188 | Lair:4   | Found a frozen archway.
 18295 | IceCv    | Entered an ice cave
 18816 | IceCv    | HP: 23/98 [ice devil (10)]
 18835 | IceCv    | Got a pair of steaming gloves
 18846 | IceCv    | Identified the +4 pair of gloves "Unostrimu" {Int+3} (You found it in an ice cave)
 19154 | IceCv    | Thael: hiii
 19161 | IceCv    | Arkorax: heyoo
 19181 | IceCv    | Arkorax: Fo lyfe
 19886 | IceCv    | HP: 25/98 [something (17)]
 20430 | IceCv    | Noticed a reaper
 20430 | IceCv    | Thael: lol
 20430 | IceCv    | Arkorax: shit
 20430 | IceCv    | Arkorax: 1%
 20437 | IceCv    | Thael: what 1% ?
 20437 | IceCv    | Arkorax: confuse
 20451 | IceCv    | HP: 32/147 [reaper/scythe of freezing (24)]
 20456 | IceCv    | HP: 11/147 [reaper/scythe of freezing (14)]
 20456 | IceCv    | HP: 4/147 [reaper/scythe of freezing (7)]
 20458 | IceCv    | HP: 1/147 [reaper/scythe of freezing (4)]
 20459 | IceCv    | Mangled by a reaper

Vault maps used:
D:1:      dpeg_arrival_rhombi, serial_bayou_pond_b, minivault_27
D:2:      uniq_terence
D:3:      first_bread, uniq_crazy_yiuf_cottage, uniq_jessica, uniq_sigmund
D:4:      portal_sewer_entry_d, serial_shops,
          nicolae_shop_competitors_out_of_business
D:5:      tgw_trog, elyvilon_altar_3, serial_undead, serial_undead_f,
          serial_undead_d, serial_undead_b, serial_undead_c, serial_undead_d,
          serial_undead_f, serial_undead_f, st_stairs_6, kennysheep_small_spiral
D:6:      kennysheep_generic_room_10, uniq_eustachio
D:8:      zin_angel, the_bakery
D:9:      kennysheep_mini_moat, minitemple
D:10:     enter_bailey_8, uniq_joseph, uniq_maurice
D:12:     hiddenorc1_lemuel, bh_circular_ruins, uniq_nessos, uniq_kirke,
          uniq_fannar
Temple:   nicolae_temple_god_jail
Lair:1:   lab_entry_generic
Lair:2:   nicolae_spider_entry_orb_guardian, uniq_gastronok
Lair:3:   lemuel_slime, nicolae_swamp_entry_splash_gauntlet, uniq_sonja
Lair:4:   portal_ice_cave_demonic_guard, beast_lair_carwin_6,
          grunt_megastairs_3, infiniplex_staircase_pool
Lab:      labyrinth_spiral
Sewer:    sewer_kobolds
Bailey:   bailey_polearm_gnolls_kennysheep, bailey
IceCv:    ice_cave_small_demon

Skill      XL: |  1  2  3  4  5  6  7  8  9 10 11 12 13 |
---------------+----------------------------------------+-----
Shields        | 4 5 6 7 8 9 11 12 13 | 13.4
Armour         | 4 5 6 8 9 10 11 12 | 12.5
Fighting       | 4 5 6 8 9 10 11 12 | 12.7
Axes           | 3 4 5 6 8 9 10 11 | 11.4

Action                   |  1- 3 |  4- 6 |  7- 9 | 10-12 | 13-15 || total
-------------------------+-------+-------+-------+-------+-------++-------
Melee: War axe           |    68 |   127 |   406 |   661 |   260 ||  1522
       Morningstar       |       |       |       |    34 |    58 ||    92
Invok: Ancestor Life: Kn |       |       |     1 |       |       ||     1
       Recall Ancestor   |       |       |       |     1 |       ||     1
       Idealise          |       |       |       |       |     1 ||     1
 Abil: Dig               |       |       |     2 |    16 |     3 ||    21
       Shaft Self        |       |       |       |     1 |       ||     1
Evoke: Wand              |       |       |     4 |    14 |     7 ||    25
       Phantom mirror    |       |       |       |     1 |       ||     1
  Use: Potion            |       |       |     3 |     9 |     7 ||    19
       Scroll            |       |       |       |    24 |     3 ||    27
 Stab: Confused          |       |       |     1 |     1 |     1 ||     3
       Distracted        |       |       |       |     4 |     2 ||     6
       Invisible         |       |       |       |     2 |       ||     2
  Eat: Chunk             |       |     6 |     7 |     9 |       ||    22
       Bread ration      |       |       |     2 |     5 |     3 ||    10
Armor: Scale mail        |    39 |     1 |       |       |       ||    40
       Chain mail        |       |    46 |       |       |       ||    46
       Plate armour      |       |    18 |   226 |   156 |       ||   400
       Quicksilver drago |       |       |       |   191 |   104 ||   295
       Skin              |       |       |       |     3 |    18 ||    21
Dodge: Dodged            |    38 |    33 |   113 |   244 |   113 ||   541
Block: Shield            |    57 |    76 |   275 |   512 |   213 ||  1133

Table legend:
 A = Turns spent in this place as a percentage of turns spent in the entire game.
 B = Non-inter-level travel turns spent in this place as a percentage of non-inter-level travel turns spent in the entire game.
 C = Inter-level travel turns spent in this place as a percentage of turns spent in this place.
 D = Turns resting spent in this place as a percentage of non-inter-level travel turns spent in this place.
 E = Turns spent auto-exploring this place as a percentage of non-inter-level travel turns spent in this place.
 F = Non-inter-level travel turns spent in this place divided by the number of levels of this place that you've seen.
                   A       B       C       D       E      F
               +-------+-------+-------+-------+-------+----------------------
         Total | 100.0 | 100.0 |   0.4 |   2.9 |   8.5 | 343.1
       Dungeon |  58.6 |  58.6 |   0.5 |   2.9 |  11.1 | 351.7
        Temple |   0.5 |   0.4 |   6.1 |   0.0 |  35.5 |  31.0
          Lair |  18.9 |  18.9 |   0.3 |   2.1 |   8.0 | 340.8
     Labyrinth |   9.5 |   9.6 |   0.0 |   1.4 |   0.0 | 690.0
         Sewer |   1.1 |   1.1 |   0.0 |   0.0 |  10.5 |  76.0
        Bailey |   5.1 |   5.1 |   0.0 |   1.4 |   3.6 | 366.0
      Ice Cave |   6.3 |   6.4 |   0.0 |   9.2 |   0.9 | 459.0
               +-------+-------+-------+-------+-------+----------------------

Vault maps used:
D:1:      dpeg_arrival_rhombi, serial_bayou_pond_b, minivault_27
D:2:      uniq_terence
D:3:      first_bread, uniq_crazy_yiuf_cottage, uniq_jessica, uniq_sigmund
D:4:      portal_sewer_entry_d, serial_shops,
          nicolae_shop_competitors_out_of_business
D:5:      tgw_trog, elyvilon_altar_3, serial_undead, serial_undead_f,
          serial_undead_d, serial_undead_b, serial_undead_c, serial_undead_d,
          serial_undead_f, serial_undead_f, st_stairs_6, kennysheep_small_spiral
D:6:      kennysheep_generic_room_10, uniq_eustachio
D:8:      zin_angel, the_bakery
D:9:      kennysheep_mini_moat, minitemple
D:10:     enter_bailey_8, uniq_joseph, uniq_maurice
D:12:     hiddenorc1_lemuel, bh_circular_ruins, uniq_nessos, uniq_kirke,
          uniq_fannar
Temple:   nicolae_temple_god_jail
Lair:1:   lab_entry_generic
Lair:2:   nicolae_spider_entry_orb_guardian, uniq_gastronok
Lair:3:   lemuel_slime, nicolae_swamp_entry_splash_gauntlet, uniq_sonja
Lair:4:   portal_ice_cave_demonic_guard, beast_lair_carwin_6,
          grunt_megastairs_3, infiniplex_staircase_pool
Lab:      labyrinth_spiral
Sewer:    sewer_kobolds
Bailey:   bailey_polearm_gnolls_kennysheep, bailey
IceCv:    ice_cave_small_demon
